 Dungeon Crawl Stone Soup version 0.28.0-53-g5a82cb258f (webtiles) character file.

Game seed: 4648291607617592553

75 jjjjhere the Cudgeller (level 4, -2/33 HPs)
             Began as a Minotaur Enchanter on Oct 28, 2022.
             Was a Believer of Fedhas.
             Slain by a gnoll
             ... wielding a +0 halberd
              (4 damage)
             ... on level 3 of the Dungeon.
             The game lasted 00:04:03 (2461 turns).

jjjjhere the Cudgeller (Minotaur Enchanter)         Turns: 2461, Time: 00:04:04

Health: -2/33      AC:  8    Str: 14    XL:     4   Next: 11%
Magic:  5/5        EV:  6    Int: 12    God:    Fedhas [**....]
Gold:   104        SH:  0    Dex: 11    Spells: 5/5 levels left

rFire   . . .      SeeInvis .   e - +0 whip
rCold   . . .      Faith    .   (no shield)
rNeg    . . .      Spirit   .   d - +0 chain mail
rPois   .          Reflect  .   (helmet restricted)
rElec   .          Harm     .   (no cloak)
rCorr   .          Rampage  .   (no gloves)
Will    .....                   (no boots)
Stlth   ..........              (no amulet)
HPRegen 0.11/turn               (no ring)
MPRegen 0.09/turn               (no ring)

@: lethally poisoned (-2 -> -7)
A: horns 2, retaliatory headbutt
a: Renounce Religion, Wall of Briars


You were on level 3 of the Dungeon.
You worshipped Fedhas.
Fedhas was pleased with you.
You visited 1 branch of the dungeon, and saw 4 of its levels.

You collected 104 gold pieces.

Inventory:

Hand Weapons
 a - a +1 dagger
 e - a +0 whip (weapon)
Armour
 b - a +0 robe
 d - a +0 chain mail (worn)
Scrolls
 f - 2 scrolls of holy word {unknown}
 h - a scroll of enchant armour {unknown}
 j - a scroll of fog {unknown}
 k - a scroll of blinking {unknown}
 l - a scroll of enchant weapon {unknown}
 m - a scroll of identify {unknown}
 n - a scroll of vulnerability {unknown}
Potions
 c - a potion of invisibility
 g - a potion of berserk rage {unknown}


   Skills:
 - Level 0.2 Fighting
 - Level 1.1 Short Blades
 + Level 4.5 Maces & Flails
 - Level 2.1 Dodging
 - Level 2.4 Stealth
 - Level 1.3 Spellcasting
 - Level 2.0 Hexes


You had 5 spell levels left.
You didn't know any spells.
Your spell library contained the following spells:

 Spells                   Type           Power      Damage    Failure   Level
 Ensorcelled Hibernation  Hex/Ice        6%         N/A       100%        2
 Confusing Touch          Hex            5%         N/A       100%        3
 Dazzling Flash           Conj/Hex       6%         N/A       100%        3
 Tukima's Dance           Hex            5%         N/A       100%        3


Dungeon Overview and Level Annotations

Branches:
Dungeon (4/15)
 Temple: D:4-7

Altars:
Fedhas

Shops:
D:3 *


Innate Abilities, Weirdness & Mutations

You have a pair of horns on your head.
You reflexively headbutt those who attack you in melee.


Message History

Press: ? - help, Q - select action, (/) - cycle Shift-Dir - straight line, f/p - gnoll
Aim: a gnoll, wielding a +0 halberd and quivering boomerangs (heavily wounded, 58% to hit)
You throw a javelin. The javelin pierces through the gnoll.
The gnoll is severely wounded.
A gnoll comes into view.
It is wielding a +0 spear and quivering poisoned darts.
The gnoll hits you from afar with a +0 halberd.
Throw: 2 javelins
Press: ? - help, Q - select action, (/) - cycle Shift-Dir - straight line, f/p - gnoll
Aim: a gnoll, wielding a +0 halberd and quivering boomerangs (severely wounded, 58% to hit)
You throw a javelin. The gnoll shouts!
The javelin pierces through the gnoll but does no damage.
The gnoll is severely wounded.
The javelin pierces through the gnoll.
The gnoll is heavily wounded.
The gnoll hits you from afar with a +0 halberd.
Throw: javelin
Press: ? - help, Q - select action, (/) - cycle Shift-Dir - straight line, f/p - gnoll
Aim: a gnoll, wielding a +0 halberd and quivering boomerangs (severely wounded, 58% to hit)
You throw a javelin. The javelin closely misses the gnoll.
The javelin barely misses the gnoll.
The gnoll hits you from afar with a +0 halberd.
The gnoll closely misses you. The gnoll closely misses you.
A gnoll comes into view. It is wielding a +0 whip.
The gnoll hits you with a +0 spear. The gnoll hits you with a +0 halberd!
An orc comes into view. It is wielding a +0 dagger.
You closely miss the gnoll.
The orc shouts!
Your headbutt misses the gnoll.
The gnoll is severely wounded.
The gnoll hits you with a +0 spear!
* * * LOW HITPOINT WARNING * * *
The gnoll hits you with a +0 halberd.
* * * LOW HITPOINT WARNING * * *
The gnoll throws a poisoned dart.
The poisoned dart hits you.
You are lethally poisoned!
The gnoll hits you with a +0 halberd.
You die...
Fedhas appreciates your contribution to the ecosystem.

..###.........##.##..
....................#
.............<.......
####...........#.####
..............#...##
#.###................
# #.........#####..
##.......?.##
..........@##
.........g.#
...........g#
...........g..
..........#....o
#...##........(## ###
########..# ..# ..#


You could see 3 gnolls.

Vanquished Creatures
  An adder (D:3)
  A worm (D:2)
  2 dart slugs
  3 orcs (D:4)
  2 ball pythons
  3 endoplasms
  4 giant cockroaches
  6 goblins
  4 hobgoblins
  8 quokkas
  4 bats
  7 kobolds
  4 rats
49 creatures vanquished.

Vanquished Creatures (others)
  5 toadstools (D:1)
5 creatures vanquished.

Grand Total: 54 creatures vanquished

Notes
Turn   | Place    | Note
-------+----------+-------------------------------------------
     0 | D:1      | jjjjhere the Minotaur Enchanter began the quest for the
                  | Orb.
     0 | D:1      | Reached XP level 1. HP: 14/14 MP: 1/1
   103 | D:1      | Reached skill level 1 in Maces & Flails
   302 | D:1      | Found a faded altar of an unknown god.
   307 | D:1      | Reached skill level 2 in Maces & Flails
   307 | D:1      | Reached XP level 2. HP: 16/20 MP: 3/3
   376 | D:1      | Prayed at the altar of an unknown god.
   376 | D:1      | Became a worshipper of Fedhas Madash
   376 | D:1      | Reached * piety under Fedhas
   426 | D:1      | HP: 5/20 [quokka (2)]
   817 | D:1      | Reached skill level 3 in Maces & Flails
   910 | D:1      | Reached XP level 3. HP: 21/26 MP: 4/4
  1183 | D:2      | You fall into a shaft and drop 2 floors!
  1266 | D:3      | Reached skill level 4 in Maces & Flails
  1266 | D:3      | Reached ** piety under Fedhas
  1471 | D:3      | Found Fooluil's Assorted Antiques.
  1594 | D:2      | Reached XP level 4. HP: 29/33 MP: 5/5
  2460 | D:3      | HP: 8/33 [gnoll/+0 spear (8)]
  2460 | D:3      | HP: 2/33 [gnoll/+0 halberd (6)]
  2461 | D:3      | Slain by a gnoll

Illustrated notes

Levels and vault maps discovered:
D:1:      ldierk_walled_garden, layout_basic,
          ebering_ecumenical_altar_sacrificial, minmay_pentomino_z2
D:2:      layout_basic, serial_bayou_pond_d, nicolae_elevator_lobby_asterisk
D:3:      layout_rooms, vehumet_statue, serial_shops, shop, serial_park_tiny_1
D:4:      layout_basic

Skill      XL: |  1  2  3 |
---------------+----------+-----
Maces & Flails | 2 3 4 |  4.5
Fighting       | |  0.2
Short Blades   | |  1.1
Dodging        | |  2.1
Stealth        | |  2.4
Spellcasting   | |  1.3
Hexes          | |  2.0

Action                   |  1- 3 |  4- 6 || total
-------------------------+-------+-------++-------
Melee: Whip              |    86 |    29 ||   115
       Headbutt          |    18 |     3 ||    21
       Dagger            |     1 |       ||     1
Throw: Javelin           |    13 |     5 ||    18
Armor: Chain mail        |    73 |    15 ||    88
Dodge: Dodged            |    40 |     9 ||    49
